 Dungeon Crawl Stone Soup version v3.33-hellcrawl-189-gd9da4bb (webtiles) character file.

28959 radzia the Severer (level 16, -2/131 HPs)
             Began as a Formicid Skald on Oct 19, 2017.
             Was the Champion of Ru.
             Slain by a redback (14 damage)
             ... on level 2 of the Spider Nest.
             The game lasted 01:02:55 (17084 turns).

radzia the Severer (Formicid Skald)                Turns: 17084, Time: 01:02:56

Health: -2/131     AC:  7 (34%)Str: 28  XL:     16   Next: 16%
Magic:  10/10      EV: 12    Int: 13    God:    Ru [6*[160]]
Gold:   375        SH: 11    Dex: 10    Spells: 17/26 levels left

rFire    . . .     SeeInvis +   a - +2 battleaxe (freeze)
rCold    . . .     Faith    .   j - +0 shield
rNeg     . . .     Spirit   .   x - +3 chain mail {rPois}
rPois    +         Reflect  .   (helmet unavailable)
rElec    +                      H - +0 cloak
rCorr    .                      (no gloves)
MR       +....                  K - +2 pair of boots {run}
Stlth    ..........             p - amulet of regeneration
Regen    1.2/turn               q - +3 ring of protection
MPRegen  0.2/turn               r - ring "Nyhaykh" {*Slow rElec EV+3 Str+5}

@: lethally poisoned (-2 -> -3), corroded, no scrolls, regenerating, drained,
quick
A: permanent stasis, dig shafts and tunnels, four strong arms, antennae 3,
inability to read while threatened, inability to use devices, hated by all,
reduced AC 1, reduced EV 1
a: Dig, Shaft Self, End Regeneration, Stop Singing, Draw Out Power, Power Leap,
Apocalypse, Renounce Religion


You were on level 2 of the Spider Nest.
You worshipped Ru.
Ru was exalted by your worship.
You were not hungry.

You visited 3 branches of the dungeon, and saw 19 of its levels.
You also visited: Volcano.

You collected 1982 gold pieces.
You spent 1607 gold pieces at shops.

Inventory:

Hand Weapons
 a - a +2 battleaxe of freezing (weapon)
 v - a +0 arbalest
 w - the +0 battleaxe of the Coward {venom, rF+++ rC- rN++}
   (You found it on level 11 of the Dungeon)

   It poisons the flesh of those it strikes.
   It renders you almost immune to fire.
   It makes you vulnerable to cold.
   It greatly protects you from negative energy.
Missiles
 b - 8 frenzy darts (quivered)
 d - 299 javelins
 g - 2381 arrows
 o - 805 bolts
 u - 95 tomahawks
 G - 12 curare darts
Armour
 h - a +0 troll leather armour
 i - +0 steam dragon scales
 j - a +0 shield (worn)
 x - a +3 chain mail of poison resistance (worn)
 H - a +0 cloak (worn)
 K - a +2 pair of boots of running (worn)
Jewellery
 f - an uncursed ring of positive energy
 p - an amulet of regeneration (around neck)
 q - a +3 ring of protection (left hand)
 r - the ring "Nyhaykh" (right hand) {*Slow rElec EV+3 Str+5}
   (You bought it in a shop on level 2 of the Orcish Mines)

   [ring of evasion]

   It affects your evasion (+3).
   It affects your strength (+5).
   It insulates you from electricity.
   It may slow you when you take damage.
 y - an uncursed ring of wizardry
 E - a +3 ring of protection
 F - an uncursed ring of resist corrosion
Scrolls
 c - 5 scrolls of fog
 e - a scroll of silence
 k - 2 scrolls of enchant weapon
 n - 6 scrolls of enchant armour
 D - 4 scrolls of amnesia
 I - a scroll of fear
Potions
 l - 6 potions of flight
 m - 2 potions of cancellation
 s - 3 potions of magic
 t - 2 potions of mutation
 z - 2 potions of resistance
 B - 3 potions of invisibility
 C - 2 potions of augmentation
 J - a potion of heal wounds


   Skills:
 + Level 13.3(12.2) Fighting
 * Level 15.4(14.3) Axes
 - Level 5.8(4.9) Crossbows
 + Level 10.7(9.7) Armour
 - Level 10.0(9.0) Dodging
 - Level 8.9(8.0) Shields
 - Level 5.7(4.8) Spellcasting
 - Level 6.2(5.3) Charms
 - Level 3.8(2.9) Necromancy


You had 17 spell levels left.
You knew the following spells:

 Your Spells              Type           Power        Failure   Level  Hunger
b - Song of Slaying       Chrm           16 (100)     17%         2    ##.....
c - Regeneration          Chrm/Necr      13 (200)     50%         3    ###....
d - Ozocubu's Armour      Chrm/Ice       10 (100)     98%         4    ####...


Dungeon Overview and Level Annotations

Branches:
Dungeon (15/15)            Spider (2/3) Orc:2         Slime (0/4) Orc:2
    Orc (2/2) D:15         Vaults (0/3) D:15         Depths (0/3) D:15
  Swamp: Orc:2       Shoals: Orc:2

Altars:
Cheibriados
Dithmenos
Elyvilon
Gozag
Hepliaklqana
Kikubaaqudgha
Makhleb
Nemelex Xobeh
Okawaru
Qazlal
Ru
Sif Muna
Trog
Uskayaw
Vehumet
Xom
Yredelemnul
Zin
The Shining One

Shops:
D:15 [*:}   Orc:2 =*([


Innate Abilities, Weirdness & Mutations

You are under a permanent stasis effect.
You can dig through walls and to a lower floor.
Your four strong arms can wield two-handed weapons with a shield.
You have a pair of large antennae on your head. (SInv)
You cannot read scrolls while threatened.
You cannot study or use magical devices.
You are hated by all.
You take slightly more damage. (AC -3)
You have somewhat slow reflexes. (EV -3)


Message History

* * * LOW HITPOINT WARNING * * *
The jumping spider begins to attack, but is stunned by your will!
The redback bites you but does no damage.
You extend your mandibles.
You dig through the rock wall.
You feel sick. The killer bee barely misses you.
You dig through the rock wall.
You feel sick. The killer bee stings you (1).
* * * LOW HITPOINT WARNING * * *
The jumping spider leaps!
You dig through the rock wall.
You feel sick.
Okay, then.
You dig through the rock wall.
You feel sick.
You dig through the rock wall.
You feel sick.
The redback is stunned by your will and fails to attack.
You dig through the rock wall.
You feel sick. The redback closely misses you.
You dig through the rock wall.
You feel sick.
You dig through the rock wall.
You feel less exhausted. The redback bites you (14)!
You feel threatened and lose the ability to read scrolls!
You die...

..........#
..........#
#.......##
#.....ยง.^##
#.........#
.^..y...s## ###
.....{{{.# ##s##
......{{{# ##.#s##
......{{{###.###@#
#..######{#s## ###
#### ##.## ###


You could see a demonic crawler and a redback.

Vanquished Creatures
  An orc warlord (Orc:2)
  2 emperor scorpions
  2 entropy weavers (Spider:1)
  Josephine (Orc:1)
  A fire dragon (Volcano)
  An ettin (Orc:1)
  3 hydras
  3 centaur warriors
  7 two-headed ogres
  A death knight (D:15)
  A queen ant (Spider:1)
  5 orc high priests (Orc:2)
  2 skeletal warriors (D:15)
  A glowing orange brain (D:15)
  2 unseen horrors
  6 orc knights
  7 orc sorcerers
  5 deep elf magi
  A cyclops (D:13)
  A wolf spider zombie (D:15)
  A hornet (Spider:2)
  3 salamanders (Volcano)
  A wolf spider (shapeshifter) (D:15)
  3 manticores
  15 ugly things
  6 wolf spiders
  2 moths of wrath (Spider:2)
  A black mamba (shapeshifter) (D:15)
  A black mamba (D:13)
  2 orb spiders
  A torpor snail (D:11)
  A gargoyle (D:11)
  4 demonic crawlers
  An efreet (D:15)
  A yaktaur (D:15)
  10 trolls
  2 freezing wraiths (D:15)
  5 jumping spiders (Spider:1)
  6 meliai
  5 slime creatures
  8 wraiths
  3 shadows
  15 redbacks
  7 tarantellas
  A black mamba skeleton (D:11)
  7 wyverns
  4 yaks (D:11)
  Eustachio (D:4)
  6 fire bats (Volcano)
  8 steam dragons (Volcano)
  A steam dragon (shapeshifter) (D:15)
  4 angry ghosts
  3 wargs (Orc:2)
  Edmund (D:5)
  17 soldier ants (Spider:1)
  Duvessa (D:4)
  A water moccasin (D:8)
  2 black bears
  30 orc warriors
  6 ice beasts
  A spiny frog skeleton (D:11)
  2 wasps
  11 ogres
  A phantom (D:8)
  17 centaurs
  6 crocodiles (Volcano)
  2 rime drake skeletons
  A bullfrog (shapeshifter) (D:15)
  A bullfrog (D:9)
  3 wyvern zombies
  A water moccasin zombie (D:6)
  Dowan (D:4)
  4 scorpions
  5 wyvern skeletons
  17 killer bees
  11 crimson imps
  9 wights
  7 centaur zombies
  5 jellies
  3 quasits
  A bullfrog zombie (D:5)
  7 orc priests
  2 hounds
  A bullfrog skeleton (D:7)
  13 orc wizards
  5 centaur skeletons
  Terence (D:3)
  Natasha (thrice) (D:3)
  23 worker ants
  4 iguanas
  2 hound skeletons (D:5)
  A howler monkey zombie (D:6)
  6 adders
  3 oozes
  A dart slug (D:3)
  45 orcs
  7 quokkas
  7 giant cockroaches
  10 goblins
  9 hobgoblins
  3 jackals (D:2)
  9 bats
  2 frilled lizards
  6 kobolds
  12 rats
  3 fungi
  14 plants
558 creatures vanquished.

Vanquished Creatures (collateral kills)
  4 two-headed ogres (D:14)
  An ogre mage (D:14)
  An ogre (D:14)
  A jelly (D:14)
7 creatures vanquished.

Vanquished Creatures (others)
  A fire bat (Volcano)
  A steam dragon (Volcano)
  2 orc warriors
  2 ogres
  A worker ant (Spider:1)
  An orc (D:15)
  A bush (D:14)
  A fungus (Orc:2)
  5 plants
15 creatures vanquished.

Grand Total: 580 creatures vanquished

Notes
Turn   | Place    | Note
-------+----------+-------------------------------------------
     0 | D:1      | radzia the Formicid Skald began the quest for the Orb.
     0 | D:1      | Reached XP level 1. HP: 16/16 MP: 3/3
   330 | D:1      | Reached XP level 2. HP: 21/23 MP: 5/5
   958 | D:2      | Reached XP level 3. HP: 16/29 MP: 6/6
  1193 | D:2      | Reached skill level 3 in Axes
  1466 | D:2      | Found a radiant altar of Vehumet.
  1671 | D:2      | Found a sacrificial altar of Ru.
  1718 | D:2      | Found a deep blue altar of Sif Muna.
  1756 | D:2      | Reached XP level 4. HP: 31/35 MP: 3/6
  1786 | D:2      | Became a worshipper of Ru the Awakened
  1931 | D:2      | Found a stormy altar of Qazlal.
  2193 | D:3      | Reached skill level 4 in Axes
  2193 | D:3      | Reached XP level 5. HP: 31/41 MP: 5/7
  2292 | D:3      | Learned a level 2 spell: Song of Slaying
  2296 | D:3      | Learned a level 3 spell: Regeneration
  2328 | D:3      | Noticed Natasha
  2340 | D:3      | Killed Natasha
  2555 | D:3      | Reached XP level 6. HP: 46/48 MP: 2/6
  2642 | D:3      | Found a faded altar of an unknown god.
  2674 | D:3      | Noticed Terence
  2684 | D:3      | Killed Terence
  2684 | D:3      | Reached skill level 5 in Axes
  2792 | D:3      | Found a sparkling altar of Nemelex Xobeh.
  2792 | D:3      | Noticed Natasha
  2794 | D:3      | Found a hide-covered altar of Uskayaw.
  2802 | D:3      | Killed Natasha
  2864 | D:3      | Found a burning altar of Makhleb.
  2924 | D:3      | Noticed Natasha
  2926 | D:3      | Gained mutation: You are hated by all. [Ru sacrifice]
  2926 | D:3      | Reached * piety under Ru
  2933 | D:3      | Killed Natasha
  3201 | D:3      | Found a glowing silver altar of Zin.
  3337 | D:4      | Noticed Eustachio
  3365 | D:4      | Killed Eustachio
  3365 | D:4      | Reached skill level 6 in Axes
  3365 | D:4      | Reached XP level 7. HP: 55/55 MP: 0/7
  3483 | D:4      | Reached skill level 5 in Fighting
  3509 | D:4      | Found a hazy altar of Hepliaklqana.
  3643 | D:4      | Reached skill level 1 in Shields
  3814 | D:4      | Noticed a moth of wrath
  3817 | D:4      | Found a bloodstained altar of Trog.
  4001 | D:4      | Noticed Duvessa
  4003 | D:4      | Noticed Dowan
  4036 | D:4      | Killed Duvessa
  4038 | D:4      | Killed Dowan
  4038 | D:4      | Reached XP level 8. HP: 22/63 MP: 3/8
  4381 | D:5      | Entered Level 5 of the Dungeon
  4381 | D:5      | Noticed Edmund
  4406 | D:5      | Killed Edmund
  4516 | D:5      | Found a white marble altar of Elyvilon.
  4563 | D:5      | Found a shimmering altar of Xom.
  4624 | D:5      | Found a snail-covered altar of Cheibriados.
  4629 | D:5      | Reached skill level 1 in Dodging
  4833 | D:5      | Found a basalt altar of Yredelemnul.
  4849 | D:5      | Reached skill level 5 in Shields
  4927 | D:5      | Found an iron altar of Okawaru.
  5070 | D:5      | Gained mutation: You take slightly more damage. (AC -3) [Ru sacrifice]
  5070 | D:5      | Reached ** piety under Ru
  5490 | D:6      | Noticed a two-headed ogre
  5503 | D:6      | Killed a two-headed ogre
  5503 | D:6      | Reached XP level 9. HP: 65/72 MP: 4/8
  5650 | D:6      | Found a shadowy altar of Dithmenos.
  5902 | D:7      | Found an opulent altar of Gozag.
  5947 | D:7      | Found a glowing golden altar of the Shining One.
  6011 | D:7      | Found an ancient bone altar of Kikubaaqudgha.
  6161 | D:7      | Reached skill level 7 in Axes
  6176 | D:7      | Reached XP level 10. HP: 78/80 MP: 7/10
  6474 | D:7      | Reached skill level 5 in Dodging
  6719 | D:8      | Noticed a two-headed ogre
  6734 | D:8      | Killed a two-headed ogre
  6734 | D:8      | Reached skill level 8 in Axes
  7102 | D:8      | Gained mutation: You cannot study or use magical devices. [Ru sacrifice]
  7102 | D:8      | Reached *** piety under Ru
  7102 | D:8      | Reached **** piety under Ru
  7618 | D:9      | Got the +2 robe "Inukis" {Dex+3}
  7973 | D:10     | Entered Level 10 of the Dungeon
  8018 | D:10     | Reached skill level 9 in Axes
  8018 | D:10     | Reached XP level 11. HP: 73/89 MP: 10/12
  8145 | D:10     | Got the +2 leather armour of the Well-Known Tables {rCorr Slay+2}
  8818 | D:11     | Gained mutation: You cannot read scrolls while threatened. [Ru sacrifice]
  8818 | D:11     | Reached ***** piety under Ru
  8834 | D:11     | Noticed an eight-headed hydra
  8836 | D:11     | Noticed a brown ugly thing
  8839 | D:11     | Noticed a manticore
  8878 | D:11     | Killed an eight-headed hydra
  8989 | D:11     | Reached skill level 10 in Axes
  8998 | D:11     | Learned a level 4 spell: Ozocubu's Armour
  9097 | D:11     | Killed a brown ugly thing
  9097 | D:11     | Reached skill level 5 in Spellcasting
  9097 | D:11     | Reached skill level 5 in Charms
  9322 | D:11     | Killed a manticore
  9397 | D:11     | Noticed an unseen horror
  9400 | D:11     | Killed an unseen horror
  9402 | D:11     | Reached XP level 12. HP: 96/97 MP: 7/12
  9483 | D:11     | Got the +0 battleaxe of the Coward {venom, rF+++ rC- rN++}
  9593 | D:12     | Reached skill level 10 in Fighting
 10388 | D:13     | Noticed an unseen horror
 10406 | D:13     | Killed an unseen horror
 10406 | D:13     | Reached skill level 11 in Axes
 10484 | D:13     | Noticed a centaur warrior
 10494 | D:13     | Killed a centaur warrior
 10576 | D:13     | Found a hide-covered altar of Uskayaw.
 10603 | D:13     | Noticed a two-headed ogre
 10610 | D:13     | Killed a two-headed ogre
 10830 | D:13     | Gained mutation: You have somewhat slow reflexes. (EV -3) [Ru sacrifice]
 10830 | D:13     | Reached ****** piety under Ru
 10884 | D:13     | Got the +1 dagger of Fogaiw {pierce, rC+ Str-3 SInv}
 11185 | D:14     | Noticed a seven-headed hydra
 11194 | D:14     | Killed a seven-headed hydra
 11194 | D:14     | Reached skill level 5 in Armour
 11194 | D:14     | Reached XP level 13. HP: 81/104 MP: 11/17
 11445 | D:14     | Reached skill level 12 in Axes
 11693 | D:14     | Got the +1 leather armour "Xem Fekk" {rPois rC+}
 11982 | D:15     | Entered Level 15 of the Dungeon
 11983 | D:15     | Found Poan's General Store.
 12003 | D:15     | Found Hipp's Book Emporium.
 12092 | D:15     | Reached skill level 1 in Crossbows
 12192 | D:15     | Reached skill level 13 in Axes
 12200 | D:15     | Reached XP level 14. HP: 110/113 MP: 15/18
 12207 | D:15     | Found Ihanidde's Antique Armour Shop.
 12220 | D:15     | Bought a +0 cloak for 135 gold pieces
 12369 | D:15     | Found a staircase to the Orcish Mines.
 13143 | D:15     | Found a gate to the Vaults.
 13152 | D:15     | Found Roeq Nej's Gadget Shoppe.
 13476 | D:15     | Found a staircase to the Depths.
 13643 | Orc:1    | Entered Level 1 of the Orcish Mines
 13740 | Orc:1    | HP: 5/115 [orc warrior/+0 halberd (19)]
 13921 | Orc:1    | Reached skill level 1 in Necromancy
 13926 | Orc:1    | Noticed Josephine
 13946 | Orc:1    | Killed Josephine
 13966 | Orc:1    | Reached skill level 14 in Axes
 14078 | Orc:1    | Found a bloodstained altar of Trog.
 14305 | Orc:2    | Entered Level 2 of the Orcish Mines
 14321 | Orc:2    | Found a dark tunnel.
 14331 | Volcano  | Entered a volcano
 14496 | Volcano  | Reached XP level 15. HP: 100/121 MP: 0/6
 14865 | Orc:2    | Found a staircase to the Slime Pits.
 14874 | Orc:2    | Noticed an orc warlord
 14897 | Orc:2    | Found Kuda's Antique Armour Shop.
 14919 | Orc:2    | Reached skill level 5 in Crossbows
 14998 | Orc:2    | Killed an orc warlord
 15128 | Orc:2    | Found Niskual's Antique Weapon Shop.
 15328 | Orc:2    | Found Noadd's General Store.
 15344 | Orc:2    | Found Kodurch's Jewellery Shop.
 15396 | Orc:2    | Reached skill level 10 in Dodging
 15706 | Orc:2    | Found a hole to the Spider Nest.
 15963 | Orc:2    | Bought a +2 pair of boots of running for 954 gold pieces
 16029 | Orc:2    | Bought the ring "Nyhaykh" {*Slow rElec EV+3 Str+5} for 518 gold pieces
 16063 | Spider:1 | Entered Level 1 of the Spider Nest
 16223 | Spider:1 | Reached skill level 10 in Armour
 16226 | Spider:1 | Noticed an emperor scorpion
 16243 | Spider:1 | Killed an emperor scorpion
 16576 | Spider:1 | Reached skill level 15 in Axes
 16923 | Spider:2 | Reached XP level 16. HP: 118/130 MP: 16/16
 17084 | Spider:2 | Slain by a redback

Skill      XL: |  1  2  3  4  5  6  7  8  9 10 11 12 13 14 15 |
---------------+----------------------------------------------+-----
Fighting       | 3 4 5 7 8 9 10 11 12 13 | 13.3
Axes           | 3 4 6 7 9 10 11 13 14 15 | 15.4
Shields        | 2 6 7 8 |  8.9
Dodging        | 3 4 5 6 8 9 10 | 10.0
Spellcasting   | 3 5 |  5.7
Charms         | 5 6 |  6.2
Armour         | 5 8 9 10 | 10.7
Crossbows      | 1 4 5 |  5.8
Necromancy     | 2 3 |  3.8

Action                   |  1- 3 |  4- 6 |  7- 9 | 10-12 | 13-15 | 16-18 || total
-------------------------+-------+-------+-------+-------+-------+-------++-------
Melee: Hand axe          |    86 |   110 |    36 |       |       |       ||   232
       Dagger            |       |    28 |    22 |       |       |       ||    50
       War axe           |       |       |    30 |       |       |       ||    30
       Flail             |       |       |   102 |       |       |       ||   102
       Battleaxe         |       |       |     4 |   387 |   985 |    41 ||  1417
 Fire: Arbalest          |       |       |       |       |       |     3 ||     3
Throw: Stone             |     1 |       |       |       |       |       ||     1
       Frenzy dart       |       |       |       |       |     4 |       ||     4
 Cast: Infusion          |     1 |       |       |     1 |     1 |       ||     3
       Song of Slaying   |       |     1 |       |     1 |     2 |       ||     4
       Regeneration      |       |       |       |     1 |     2 |       ||     3
Invok: Sacrifice Love    |       |     1 |       |       |       |       ||     1
       Sacrifice Health  |       |       |     1 |     1 |       |       ||     2
       Sacrifice Artific |       |       |       |     1 |       |       ||     1
       Apocalypse        |       |       |       |     1 |     3 |     1 ||     5
       Power Leap        |       |       |       |     1 |       |       ||     1
       Sacrifice Words   |       |       |       |     1 |       |       ||     1
       Draw Out Power    |       |       |       |       |     3 |       ||     3
 Abil: Dig               |       |       |     3 |     4 |    23 |     1 ||    31
       End Infusion      |       |       |       |       |     1 |       ||     1
Evoke: Wand              |       |       |     5 |     3 |       |       ||     8
  Use: Potion            |       |       |     2 |       |     1 |       ||     3
       Scroll            |       |       |       |       |     2 |       ||     2
 Stab: Sleeping          |       |     1 |     1 |       |       |       ||     2
       Invisible         |       |       |     2 |     1 |    11 |     3 ||    17
       Confused          |       |       |     1 |       |       |       ||     1
       Paralysed         |       |       |       |     3 |     6 |     3 ||    12
       Distracted        |       |       |       |     3 |     6 |       ||     9
Armor: Leather armour    |    28 |    27 |    37 |    48 |       |       ||   140
       Chain mail        |       |       |       |    44 |   280 |    35 ||   359
Dodge: Dodged            |    57 |    68 |    63 |   175 |   214 |    46 ||   623
Block: Shield            |       |       |    37 |   233 |   413 |    58 ||   741
